 Dungeon Crawl Stone Soup version 0.25.1-8-g42b30a86e7 (webtiles) character file.

Game seed: 418085924366800704

269 Clowwww the Skirmisher (level 6, 25/48 HPs)
             Began as a Demonspawn Fighter on Dec 8, 2020.
             Quit the game on level 2 of the Dungeon.
             The game lasted 00:04:36 (1624 turns).

Clowwww the Skirmisher (Demonspawn Fighter)         Turns: 1624, Time: 00:04:36

Health: 25/48      AC:  9    Str: 18    XL:     6   Next: 1%
Magic:  6/6        EV:  7    Int:  9    God:
Gold:   83         SH:  9    Dex: 13    Spells: 5/5 levels left

rFire    . . .     SeeInvis .   a - +0 war axe
rCold    + . .     Gourm    .   c - +0 kite shield
rNeg     . . .     Faith    .   b - +0 scale mail
rPois    .         Spirit   .   (helmet restricted)
rElec    .         Reflect  .   (no cloak)
rCorr    .         Harm     .   (no gloves)
MR       .....                  (no boots)
Stlth    ..........             (no amulet)
HPRegen  0.16/turn              (no ring)
MPRegen  0.10/turn              (no ring)

@: no status effects
A: antennae 1, molten scales 2, cold resistance 1
a: no special abilities


You were on level 2 of the Dungeon.
You were not hungry.

You visited 1 branch of the dungeon, and saw 2 of its levels.

You collected 83 gold pieces.

Inventory:

Hand Weapons
 a - a +0 war axe (weapon)
Armour
 b - a +0 scale mail (worn)
 c - a +0 kite shield (worn)
Jewellery
 h - a +4 ring of evasion {unknown}
Scrolls
 g - a scroll of teleportation {unknown}
 k - a scroll of blinking {unknown}
 l - 2 scrolls of remove curse {unknown}
 o - a scroll of identify {unknown}
Potions
 d - a potion of might
 e - a potion of haste {unknown}
 i - a potion of stabbing {unknown}
 j - a potion of brilliance {unknown}
 m - a potion of heal wounds {unknown}
Comestibles
 f - a ration
 n - 10 chunks of flesh


   Skills:
 + Level 3.8 Fighting
 + Level 3.8 Axes
 + Level 3.4 Armour
 + Level 1.2 Dodging
 + Level 0.9 Stealth
 + Level 3.4 Shields


You had 5 spell levels left.
You didn't know any spells.
Your spell library was empty.

Dungeon Overview and Level Annotations

Branches:
Dungeon (2/15)

Altars:
Fedhas


Innate Abilities, Weirdness & Mutations

You have a pair of small antennae on your head.
You are mostly covered in molten scales. (AC +3)
Your flesh is cold resistant. (rC+)


Message History

The adder bites you. The adder barely misses you.
You closely miss the adder.
The adder bites you but does no damage. x2
You barely miss the adder. The adder completely misses you.
You closely miss the adder. The adder bites you but does no damage.
You block the adder's attack.
You closely miss the adder. The adder bites you but does no damage.
The adder barely misses you.
You barely miss the adder. The adder bites you but does no damage.
The adder closely misses you.
You slash the adder!
The adder is severely wounded.
The adder bites you.
You hit the adder.
You kill the adder!
You have reached level 6!
Your experience leads to an increase in your attributes!
Increase (S)trength, (I)ntelligence, or (D)exterity?
You feel stronger.
Your demonic ancestry asserts itself...
A pair of antennae grows on your head!
Are you sure you want to abandon this character and quit the game? (Confirm with "yes".)

####### ......#
#####.#####
#.........#########
#.###.###.#.......#
#.###.###.#.....).######
#.##.(.##.#.............
..)()_......#...@......$
#.##)..##.###...........
#.###.###.##.#.#####....
#.###.###.##.#.# ....
#.........##.#.. ..#
#####.#####...... ..
...#...#.# #.#.##
##.......# #.#.#.#.#


There were no monsters in sight!

Vanquished Creatures
  Sigmund (D:2)
  Robin (D:2)
  A gnoll (D:1)
  2 adders (D:2)
  2 dart slugs
  2 bats (D:1)
  7 giant cockroaches (D:1)
  13 goblins
  5 hobgoblins
  13 jackals
  3 kobolds (D:1)
  7 rats
57 creatures vanquished.

Notes
Turn   | Place    | Note
-------+----------+-------------------------------------------
     0 | D:1      | Clowwww the Demonspawn Fighter began the quest for the Orb.
     0 | D:1      | Reached XP level 1. HP: 18/18 MP: 1/1
    51 | D:1      | Gained mutation: Your flesh is cold resistant. (rC+)
                  | [demonic ancestry]
    51 | D:1      | Reached XP level 2. HP: 5/24 MP: 2/2
   588 | D:1      | Gained mutation: You are partially covered in molten
                  | scales. (AC +2) [demonic ancestry]
   588 | D:1      | Reached XP level 3. HP: 23/29 MP: 3/3
  1438 | D:2      | Gained mutation: You are mostly covered in molten scales.
                  | (AC +3) [demonic ancestry]
  1438 | D:2      | Reached XP level 4. HP: 35/35 MP: 4/4
  1444 | D:2      | Found a blossoming altar of Fedhas.
  1456 | D:2      | Noticed Robin
  1495 | D:2      | Killed Robin
  1601 | D:2      | Noticed Sigmund
  1609 | D:2      | Killed Sigmund
  1609 | D:2      | Reached skill level 1 in Dodging
  1609 | D:2      | Reached XP level 5. HP: 23/42 MP: 5/5
  1623 | D:2      | Gained mutation: You have a pair of small antennae on your
                  | head. [demonic ancestry]
  1623 | D:2      | Reached XP level 6. HP: 25/48 MP: 6/6
  1624 | D:2      | Quit the game

Illustrated notes

Levels and vault maps discovered:
D:1:      matt_arrival_refuge, layout_basic, minmay_worlds_worst_comb
D:2:      layout_basic, nicolae_overflow_crystal_walls, uniq_robin, uniq_sigmund

Skill      XL: |  1  2  3  4 |
---------------+-------------+-----
Armour         | 3 |  3.4
Axes           | 2 3 |  3.8
Shields        | 3 |  3.4
Dodging        | 1 |  1.2
Fighting       | |  3.8
Stealth        | |  0.9

Action                   |  1- 3 |  4- 6 || total
-------------------------+-------+-------++-------
Melee: War axe           |   120 |    57 ||   177
  Eat: Chunk             |     2 |     1 ||     3
Armor: Scale mail        |    77 |    32 ||   109
Dodge: Dodged            |    44 |    22 ||    66
Block: Kite shield       |    71 |    25 ||    96
